 Dungeon Crawl Stone Soup version 0.32-a0-913-g739538afd8 (webtiles) character file.

Game seed: 2393592704090639658

107 Heh the Charlatan (level 4, 0/37 HPs)
             Began as a Coglin Artificer on Apr 7, 2024.
             Slain by Grinder (6 damage)
             ... while paralysed by Grinder
             ... on level 3 of the Dungeon.
             The game lasted 00:04:26 (2253 turns).

Heh the Charlatan (Coglin Artificer)                Turns: 2253, Time: 00:04:27

Health: 0/37       AC:  6    Str: 13    XL:     4   Next: 85%
Magic:  4/4        EV:  2    Int: 10    God:
Gold:   15         SH:  0    Dex: 16    Spells: 1/3 levels left

rFire   . . .        q - +1 hand axe (freeze) {Ishpreet}
rCold   . . .        k - +0 short sword {Haeun}
rNeg    . . .        o - +0 scale mail
rPois   .            (no helmet)
rElec   .            (no cloak)
rCorr   .            (no gloves)
SInv    .            (no boots)
Will    .....        (amulet unavailable) Stlth
                     (ring unavailable)
HPRegen 0.26/turn    (ring unavailable)
MPRegen 0.09/turn    (no gizmo)

%: no passive effects
@: paralysed, revving
A: off-hand wielding, slow wielding, warmup strikes, no jewellery
a: Invent Gizmo


You were on level 3 of the Dungeon.
You visited 1 branch of the dungeon, and saw 3 of its levels.

You collected 15 gold pieces.

Inventory:

Hand Weapons
 a - a +0 club {Xue}
 f - a +0 dagger {Consuela}
 h - a +0 short sword {Xiuying}
 k - a +0 short sword (offhand) {Haeun}
 q - a +1 hand axe of freezing (weapon) {Ishpreet}
Missiles
 s - 10 poisoned darts (quivered)
Armour
 b - a +0 leather armour
 o - a +0 scale mail (worn)
 p - a +0 ring mail
Wands
 c - a wand of flame (15)
 d - a wand of charming (15)
 e - a wand of iceblast (3)
Scrolls
 i - a scroll of identify {unknown}
 j - a scroll of poison {unknown}
 l - 4 scrolls of teleportation {unknown}
 m - a scroll of enchant weapon {unknown}
 t - a scroll of acquirement {unknown}
Potions
 g - a potion of heal wounds {unknown}
 n - a potion of ambrosia {unknown}
 r - a potion of curing {unknown}


   Skills:
 + Level 3.9 Fighting
 - Level 1.3 Short Blades
 - Level 1.0 Axes
 - Level 1.7 Armour
 - Level 0.8 Dodging
 - Level 0.7 Stealth
 - Level 4.0 Evocations


You had one spell level left.
You knew the following spells:

 Your Spells              Type           Power      Damage    Failure   Level
a - Blink                 Tloc           0%         N/A       95%         2

Your spell library contained the following spells:

 Spells                   Type           Power      Damage    Failure   Level
 Lesser Beckoning         Tloc           0%         N/A       95%         2
 Momentum Strike          Conj/Tloc      0%         3d8       95%         2


Dungeon Overview and Level Annotations

Branches:
Dungeon (3/15)

Altars:

Annotations:
D:3 Grinder


Innate Abilities, Weirdness & Mutations

You can wield a second weapon in your off-hand.
It takes a long time for you to wield or remove held weapons.
Your first few attacks do less damage.
You cannot equip rings or amulets.


Message History

You hit Grinder with your +0 short sword.
Grinder hits you.
You barely miss Grinder with your +0 short sword.
Grinder is lightly wounded.
You hit Grinder but do no damage. Grinder hits you!
You writhe in agony.
You are too injured to fight recklessly!
You are too injured to fight recklessly!
You are too injured to fight recklessly!
You are too injured to fight recklessly!
You are too injured to fight recklessly!
You are too injured to fight recklessly!
You are too injured to fight recklessly!
You are too injured to fight recklessly!
You are too injured to fight recklessly!
Okay, then.
Throw: 10 darts (poison)
Press: ? - help, Q - select action, (/) - cycle Shift-Dir - straight line, f - Grinder
Aim: Grinder (lightly wounded, 53% to hit)
Okay, then.
Aiming: Iceblast
Press: ? - help, Shift-Dir - straight line The mass of ice explodes!
The iceblast engulfs Grinder!
Grinder partially resists.
Grinder is moderately wounded.
Grinder completely misses you.
Unknown command.
Aiming: Iceblast
Press: ? - help, Shift-Dir - straight line The mass of ice explodes!
The iceblast engulfs Grinder!
Grinder partially resists.
Grinder is heavily wounded.
Grinder gestures at you.
You suddenly lose the ability to move!
Grinder gestures at you.
You shrug off the repeated paralysis!
Grinder hits you!
* * * LOW HITPOINT WARNING * * *
Grinder hits you.
You die...
Grinder says, "Hey, I wasn't done torturing you yet!"

#. .# ## # #.######.# #.
#.#........# #. .
##.#........# #.
..............### #####.
#.##............ ......
.........5...###########.
.......[@................
#.####........######.#..<.
.......$#.##.###...#.#..#.
#...###.#..........#.#..#.
#.# #)#....##....#....#.
#.#.#####....#.#..##
###.#.#####..))#)#...#
#.....................
#.########.....#.#.#.#


You could see Grinder.

Vanquished Creatures
  3 gnolls (D:3)
  3 adders
  2 ribbon worms (D:2)
  2 dart slugs (D:1)
  4 ball pythons
  6 bats
  5 endoplasms
  A giant cockroach (D:1)
  7 hobgoblins
  3 kobolds
  2 quokkas
  2 goblins
  2 rats
42 creatures vanquished.

Notes
Turn   | Place    | Note
-------+----------+-------------------------------------------
     0 | D:1      | Heh the Coglin Artificer began the quest for the Orb.
     0 | D:1      | Reached XP level 1. HP: 15/15 MP: 1/1
    70 | D:1      | Reached XP level 2. HP: 20/22 MP: 2/2
   964 | D:2      | Reached XP level 3. HP: 25/28 MP: 3/3
  1220 | D:2      | Reached skill level 1 in Short Blades
  1343 | D:2      | Learned a level 2 spell: Blink
  1627 | D:2      | Reached XP level 4. HP: 33/35 MP: 4/4
  1914 | D:2      | Found a faded altar of an unknown god.
  2117 | D:3      | Reached skill level 1 in Axes
  2242 | D:3      | Noticed Grinder
  2250 | D:3      | Paralysed by Grinder for 4 turns
  2253 | D:3      | Slain by Grinder

Illustrated notes

Levels and vault maps discovered:
D:1:      dpeg_arrival_renting, layout_loops_ring, serial_bayou,
          serial_bayou_pond_c, serial_bayou_shore_b, serial_bayou_lagoon_a,
          serial_bayou_pond_b
D:2:      minmay_door_path, layout_basic, chequers_ecumenical_altar_simple_redux
D:3:      layout_basic, lexackson_kobold_supper, uniq_crazy_yiuf_cottage,
          uniq_grinder

Skill      XL: |  1  2  3  4 |
---------------+-------------+-----
Fighting       | 2 3 |  3.9
Short Blades   | 1 |  1.3
Axes           | 1 |  1.0
Armour         | |  1.7
Dodging        | |  0.8
Stealth        | |  0.7
Evocations     | |  4.0

Action                     |  1- 3 |  4- 6 || total
---------------------------+-------+-------++-------
  Melee: Club              |    18 |       ||    18
         Dagger            |    30 |       ||    30
         Short sword       |   142 |    31 ||   173
         Hand axe          |       |    32 ||    32
  Evoke: Wand              |       |     2 ||     2
   Stab: Sleeping          |     2 |       ||     2
 Armour: Leather armour    |    31 |       ||    31
         Scale mail        |    19 |    32 ||    51
  Dodge: Dodged            |    49 |    11 ||    60

Table legend: (Time is in decaauts)
 A = Elapsed time spent in this place.
 B = Non-inter-level travel time spent in this place.
 C = Inter-level travel time spent in this place.
 D = Time resting spent in this place.
 E = Time spent auto-exploring this place.
 F = Levels seen in this place.
 G = Mean time per level.
                   A        B        C        D        E       F      G
               +--------+--------+--------+--------+--------+-----+--------+
         Total |   2271 |   2159 |    112 |      0 |   1770 |   3 |  757.0 |
       Dungeon |   2271 |   2159 |    112 |      0 |   1770 |   3 |  757.0 |
               +--------+--------+--------+--------+--------+-----+--------+

Top non-repeatable levels by time:
     D:2: 1167 daAuts
     D:1: 932 daAuts
     D:3: 171 daAuts
